 Dungeon Crawl Stone Soup version 0.21-a0-150-gc243083 (webtiles) character file.

17 drasked the Vexing (level 2, -2/21 HPs)
             Began as a Gnoll Arcane Marksman on July 26, 2017.
             Slain by a hobgoblin
             ... wielding a cursed -3 club
              (3 damage)
             ... on level 1 of the Dungeon.
             The game lasted 00:04:00 (367 turns).

drasked the Vexing (Gnoll Arcane Marksman)           Turns: 367, Time: 00:04:01

Health: -2/21      AC:  2    Str:  7    XL:     2   Next: 62%
Magic:  5/5        EV: 12    Int:  7    God:
Gold:   0          SH:  0    Dex:  7    Spells: 4/5 levels left

rFire    . . .     SeeInvis .   a - +0 hunting sling
rCold    . . .     Gourm    .   (no shield)
rNeg     . . .     Faith    .   e - +0 robe
rPois    .         Spirit   .   (no helmet)
rElec    .         Reflect  .   (no cloak)
rCorr    .         Harm     .   (no gloves)
MR       .....                  (no boots)
Stlth    +.........             (no amulet)
HPRegen  0.07/turn              (no ring)
MPRegen  0.09/turn              (no ring)

@: no status effects
A: unchanging attributes, fangs 1, strong nose
a: no special abilities


You were on level 1 of the Dungeon.
You were not hungry.

You visited 1 branch of the dungeon, and saw 1 of its levels.

Inventory:

Hand Weapons
 a - a +0 hunting sling (weapon)
 g - a +0 short sword
   (You took it off a kobold on level 1 of the Dungeon)
Armour
 e - a +0 robe (worn)
Books
 c - a book of Debilitation
Comestibles
 f - a bread ration {@e1}


   Skills:
 - Level 1.3 Fighting
 + Level 3.1 Slings
 - Level 2.6 Dodging
 + Level 2.0 Spellcasting
 * Level 4.7 Hexes


You had 4 spell levels left.
You knew the following spells:

 Your Spells              Type           Power        Failure   Level  Hunger
v - Corona                Hex            #......      5%          1    ##.....


Dungeon Overview and Level Annotations

Branches:
Dungeon (1/15)

Altars:


Innate Abilities, Weirdness & Mutations

Your physical attributes are unchanging.
You have very sharp teeth.
Your uncanny sense of smell can sniff out nearby items.


Message History

A hobgoblin comes into view. It is wielding a club.
You take 1 damage, and have 12/21 hp.
You are too injured to fight recklessly!
The hobgoblin shouts!
You see here a bat corpse.
You are too injured to fight recklessly!
Aim: a hobgoblin (severely wounded)
You shoot a sling bullet. The sling bullet hits the rat.
You kill the rat!
Your Slings skill increases to level 3!
Aim: a hobgoblin (severely wounded, chance to defeat MR: 59%)
The hobgoblin is outlined in light.
The hobgoblin barely misses you.
You now have 3/5 mp.
Aim: a hobgoblin (severely wounded, softly glowing)
You shoot a sling bullet.
The sling bullet hits the hobgoblin but does no damage.
The hobgoblin barely misses you.
Aim: a hobgoblin (severely wounded, softly glowing)
You shoot a sling bullet.
The sling bullet barely misses the hobgoblin. x2
The hobgoblin hits you.
A hobgoblin comes into view.
You take 1 damage, and have 11/21 hp.
Aim: a hobgoblin (severely wounded, softly glowing)
You shoot a sling bullet. The hobgoblin shouts!
The sling bullet hits the hobgoblin but does no damage.
The hobgoblin moves out of view.
The hobgoblin hits you.
You take 3 damage, and have 8/21 hp.
Aim: a hobgoblin (severely wounded, softly glowing)
You shoot a sling bullet. The sling bullet hits the hobgoblin.
You kill the hobgoblin!
The hobgoblin hits you with a club.
You take 1 damage, and have 7/21 hp.
Your magical contamination has completely faded away.
MP restored: 5 The giant cockroach waves its antennae.
The giant cockroach waves its antennae.
A kobold comes into view. It is wielding a dagger.
The kobold shouts!
A frilled lizard comes into view.
Aim: a kobold, wielding a dagger You shoot a sling bullet.
The frilled lizard hisses angrily.
The sling bullet hits the kobold.
You kill the kobold!
The hobgoblin hits you but does no damage.
A hobgoblin comes into view. It is wielding a club.
The hobgoblin shouts!
The frilled lizard barely misses you.
Things that are here:
a sling bullet; a dagger; a kobold corpse
d - 6 sling bullets (gained 1)
The frilled lizard completely misses you.
The frilled lizard bites you. The hobgoblin hits you with a club.
* * * LOW HITPOINT WARNING * * *
You take 7 damage, and have 4/21 hp.
MASSIVE DAMAGE!!
The frilled lizard misses you.
Aim: a frilled lizard You shoot a sling bullet.
The sling bullet closely misses the frilled lizard.
The sling bullet barely misses the hobgoblin.
The frilled lizard barely misses you.
Aim: a frilled lizard You shoot a sling bullet.
The sling bullet closely misses the frilled lizard.
The frilled lizard closely misses you.
Aim: a hobgoblin, wielding a club You shoot a sling bullet.
The sling bullet closely misses the frilled lizard.
The sling bullet barely misses the hobgoblin.
The hobgoblin barely misses you. The frilled lizard closely misses you.
Aim: a hobgoblin, wielding a club You shoot a sling bullet.
The sling bullet barely misses the hobgoblin.
The sling bullet hits the hobgoblin!
You kill the hobgoblin!
The frilled lizard bites you.
* * * LOW HITPOINT WARNING * * *
The hobgoblin closely misses you.
You take 3 damage, and have 1/21 hp.
You aren't carrying any potions.
Okay, then.
As you read the scroll labeled WAIQUS JIJI, it crumbles to dust.
You feel aware of your surroundings.
It was a scroll of magic mapping.
The frilled lizard hisses.
The frilled lizard barely misses you.
The hobgoblin hits you but does no damage.
Okay, then.
Aim: a hobgoblin You shoot a sling bullet.
The sling bullet hits the hobgoblin.
The frilled lizard closely misses you. The hobgoblin closely misses you.
Aim: a hobgoblin, wielding a club (almost dead)
You shoot a sling bullet.
The sling bullet barely misses the hobgoblin.
The sling bullet barely misses the giant cockroach.
The frilled lizard barely misses you. The hobgoblin closely misses you.
The hobgoblin hits you with a club.
You die...

#...........
#.........##
###....g....##
#......s......
#g#.........##
#.########### ##s##
######...#
#..@##...###********
#.ggl......#,,,,,,,,
#..s.......#,,,,,,,,
#....(.....#,,,,,,,,
#..(###(###..,,,,,,,
##### #.# *...,,,,,,
*.# *,..,,,,,, *.#
********** *,* *


You could see a giant cockroach, 2 hobgoblins and a frilled lizard.

Vanquished Creatures
  A giant cockroach (D:1)
  2 goblins (D:1)
  4 hobgoblins (D:1)
  2 jackals (D:1)
  2 kobolds (D:1)
  A bat (D:1)
  2 rats (D:1)
14 creatures vanquished.

Notes
Turn   | Place    | Note
-------+----------+-------------------------------------------
     0 | D:1      | drasked the Gnoll Arcane Marksman began the quest for the Orb.
     0 | D:1      | Reached XP level 1. HP: 15/15 MP: 3/3
   164 | D:1      | Reached skill level 2 in Spellcasting
   164 | D:1      | Reached XP level 2. HP: 18/21 MP: 3/5
   302 | D:1      | Reached skill level 3 in Slings
   356 | D:1      | HP: 4/21 [hobgoblin/club (5)]
   364 | D:1      | HP: 1/21 [frilled lizard (3)]
   367 | D:1      | Slain by a hobgoblin

Vault maps used:
D:1:      grunt_arrival_lava_bath

Skill      XL: |  1  2 |
---------------+-------+-----
Spellcasting   | 2 |  2.0
Slings         | 3 |  3.1
Fighting       | |  1.3
Dodging        | |  2.6
Hexes          | |  4.7

Action                   || total
-------------------------++-------
 Fire: Hunting sling     ||    51
 Cast: Corona            ||    10
  Use: Scroll            ||     1
Armor: Robe              ||     6
Dodge: Dodged            ||    26

Vault maps used:
D:1:      grunt_arrival_lava_bath

Table legend:
 A = Turns spent in this place as a percentage of turns spent in the entire game.
 B = Non-inter-level travel turns spent in this place as a percentage of non-inter-level travel turns spent in the entire game.
 C = Inter-level travel turns spent in this place as a percentage of turns spent in this place.
 D = Turns resting spent in this place as a percentage of non-inter-level travel turns spent in this place.
 E = Turns spent auto-exploring this place as a percentage of non-inter-level travel turns spent in this place.
 F = Non-inter-level travel turns spent in this place divided by the number of levels of this place that you've seen.
                   A       B       C       D       E      F
               +-------+-------+-------+-------+-------+----------------------
         Total | 100.0 | 100.0 |   0.0 |   0.8 |   2.7 | 256.0
       Dungeon | 100.0 | 100.0 |   0.0 |   0.8 |   2.7 | 256.0
               +-------+-------+-------+-------+-------+----------------------

Table legend:
 A = Kills in this place as a percentage of kills in entire the game.
 B = Kills by you in this place as a percentage of kills by you in the entire game.
 C = Kills by friends in this place as a percentage of kills by friends in the entire game.
 D = Other kills in this place as a percentage of other kills in the entire game.
 E = Experience gained in this place as a percentage of experience gained in the entire game.
 F = Experience gained in this place divided by the number of levels of this place that you have seen.
                   A       B       C       D       E      F
               +-------+-------+-------+-------+-------+----------------------
         Total | 100.0 | 100.0 |  -nan |  -nan | 100.0 |  25.0
       Dungeon | 100.0 | 100.0 |  -nan |  -nan | 100.0 |  25.0
               +-------+-------+-------+-------+-------+----------------------
